 Dungeon Crawl Stone Soup version 0.27-a0-828-g8289197e94 (webtiles) character file.

Game seed: 17712448516468986913

9 dickylongcocking the Magician (level 2, 0/22 HPs)
             Began as a Djinni Ice Elementalist on Mar 31, 2021.
             Slain by an endoplasm (3 damage)
             ... on level 1 of the Dungeon.
             The game lasted 00:00:12 (29 turns).

dickylongcocking the Magician (DjIE)                  Turns: 29, Time: 00:00:12

Health: 0/22       AC:  2    Str:  7    XL:     2   Next: 12%
Gold:   0          EV: 12    Int: 16    God:
                   SH:  0    Dex: 13

rFire    + + .     SeeInvis .   b - +1 dagger (vamp)
rCold    x . .     Faith    .   (no shield)
rNeg     . . .     Spirit   .   a - +0 robe
rPois    ∞         Reflect  .   (no helmet)
rElec    .         Harm     .   (no cloak)
rCorr    .         Rampage  .   (no gloves)
Will     .....                  (boots unavailable)
Stlth    ++........             (no amulet)
HPRegen  0.07/turn              (no ring)
MPRegen  0.00/turn              (no ring)

@: flying
A: fire resistance 2, cold vulnerability 1, float, innate caster, hp casting,
extra vitality 1
a: no special abilities


You were on level 1 of the Dungeon.
You visited 1 branch of the dungeon, and saw 1 of its levels.

Inventory:

Hand Weapons
 b - a +1 vampiric dagger (weapon)
Armour
 a - a +0 robe (worn)


   Skills:
 * Level 1.1 Fighting
 - Level 2.1 Dodging
 - Level 1.5 Stealth
 * Level 3.8 Spellcasting


You couldn't memorise any spells.
You knew the following spells:

 Your Spells              Type           Power      Damage    Failure   Level
a - Freeze                Ice            60%        1d8       3%          1
b - Frozen Ramparts       Ice            30%        1d5       11%         3
c - Ozocubu's Armour      Ice            15%        N/A       11%         3
d - Hailstorm             Conj/Ice       15%        3d5       34%         4
e - Summon Ice Beast      Ice/Summ       15%        N/A       34%         4
Your spell library was empty.

Dungeon Overview and Level Annotations

Branches:
Dungeon (1/15)

Altars:


Innate Abilities, Weirdness & Mutations

You are immune to poison.
Your flesh is very heat resistant. (rF++)
You are vulnerable to cold. (rC-)
You float through the air rather than walking.
You learn spells naturally, not from books.
Your magical power is your life essence.
You have superior vitality. (+4 HP)


Message History

Press: ? - help, Shift-Dir - straight line, f - hobgoblin
Aim: a hobgoblin You freeze the hobgoblin.
You kill the hobgoblin!
* * * LOW HITPOINT WARNING * * *
Your Fighting skill increases to level 1!
You have reached level 2!
Casting: Freeze (safe; 3% risk of failure)
Confirm with . or Enter, or press ? or * to list all spells.
Aiming: Freeze (safe; 3% risk of failure)
Press: ? - help, Shift-Dir - straight line, f - rat
Aim: a rat You freeze the rat.
You kill the rat!
* * * LOW HITPOINT WARNING * * *
An endoplasm comes into view.
Casting: Freeze (safe; 3% risk of failure)
Confirm with . or Enter, or press ? or * to list all spells.
Aiming: Freeze (safe; 3% risk of failure)
Press: ? - help, Shift-Dir - straight line, f - kobold
Aim: a kobold, wielding a +1 vampiric dagger You freeze the kobold!
You kill the kobold!
The endoplasm quivers.
* * * LOW HITPOINT WARNING * * *
Things that are here:
a +1 vampiric dagger; a fizzy puce potion; a jackal corpse You feel a sense of dread.
b - a +1 vampiric dagger (weapon)
The endoplasm hits you.
* * * LOW HITPOINT WARNING * * *
You see here a fizzy dark potion.
You hit the endoplasm.
You feel better.
The endoplasm is moderately wounded.
The endoplasm hits you.
* * * LOW HITPOINT WARNING * * *
You hit the endoplasm.
You feel better.
The endoplasm is severely wounded.
The endoplasm hits you.
You die...

####### .(...
##...##
####.....####.
#.....J.......
#..@..#
#+###...## #.#
##!##
##.####.#
+8.8'.#.#
#...#...#
##...###.#
#≈...≈##...
#≈...≈######


You could see an endoplasm.

Vanquished Creatures
  A hobgoblin (D:1)
  4 jackals (D:1)
  A kobold (D:1)
  A rat (D:1)
7 creatures vanquished.

Notes
Turn   | Place    | Note
-------+----------+-------------------------------------------
     0 | D:1      | dickylongcocking the Djinni Ice Elementalist began the
                  | quest for the Orb.
     0 | D:1      | Reached XP level 1. HP: 15/15 MP: 0/0
    22 | D:1      | Reached skill level 1 in Fighting
    22 | D:1      | Reached XP level 2. HP: 5/22 MP: 0/0
    29 | D:1      | Slain by an endoplasm

Illustrated notes

Levels and vault maps discovered:
D:1:      wander_arrival_chamber, layout_loops_ring, serial_shops,
          nicolae_shop_window_shopping, kennysheep_nondescript,
          minmay_tetromino_s2

Skill      XL: |  1 |
---------------+----+-----
Fighting       | 1 |  1.1
Dodging        | |  2.1
Stealth        | |  1.5
Spellcasting   | |  3.8

Action                   || total
-------------------------++-------
Melee: Unarmed           ||     2
       Dagger            ||     2
 Cast: Freeze            ||    10
Dodge: Dodged            ||     6

Table legend: (Time is in decaauts)
 A = Elapsed time spent in this place.
 B = Non-inter-level travel time spent in this place.
 C = Inter-level travel time spent in this place.
 D = Time resting spent in this place.
 E = Time spent auto-exploring this place.
 F = Levels seen in this place.
 G = Mean time per level.
                   A        B        C        D        E       F      G
               +--------+--------+--------+--------+--------+-----+--------+
         Total |     28 |     28 |      0 |      0 |     10 |   1 |   28.0 |
       Dungeon |     28 |     28 |      0 |      0 |     10 |   1 |   28.0 |
               +--------+--------+--------+--------+--------+-----+--------+

Top non-repeatable levels by time:
     D:1: 28 daAuts
